[Event "*** Titled Tuesday 3|2 Blitz"]
[Site "Chess.com"]
[Date "2015.02.24"]
[Round "8"]
[White "GeorgMeier"]
[Black "Hikaru"]
[Result "1-0"]
[WhiteElo "2678"]
[BlackElo "2832"]
[TimeControl "180+2"]
[EndTime "12:41:42 PST"]
[Termination "GeorgMeier won by resignation"]

1. Nf3 b6 2. Ng1 Bb7 3. Nf3 f5 4.
g3 e5 5. Bg2 e4 6. Nd4 Qf6 7. c3 Nc6 8. O-O h5 9. d3 Nxd4 10. cxd4 h4 11. Nc3 Qg6 12. Bf4 Bd6 13.
Qd2 Nf6 14. Nb5 Nd5 15. Bxd6 cxd6 16. dxe4 fxe4 17. Bxe4 Qh5 18. Bf3 Qh7 19. Nxd6+ Kf8 20. g4 Bc6 21. e4 Nf6 22. d5 Qg6 23. Qf4 Kg8 24. dxc6 dxc6 25. e5 Nd7 26. Bxc6 1-0

[Event "*** Titled Tuesday 3|2 Blitz"]
[Site "Chess.com"]
[Date "2015.02.24"]
[Round "8"]
[White "facu57"]
[Black "Carolina-moon"]
[Result "1-0"]
[WhiteElo "2038"]
[BlackElo "1908"]
[TimeControl "180+2"]
[EndTime "12:41:50 PST"]
[Termination "facu57 won on time"]

1. e4 c5 2. Nc3 Nc6 3. g3 g6 4. Bg2 Bg7 5. d3 d6 6. f4 e6 7. Nf3 Nge7 8. O-O O-O 9. Be3 Nd4 10.
Rb1 Rb8 11. Ne2 Nxf3+ 12. Bxf3 b6 13. c3 Ba6 14. Re1 Qc8 15. d4 Bxe2 16. Bxe2 cxd4 17.
cxd4 d5 18. e5 Nf5 19. Bf2 h5 20. h3 Qd8 21. g4 hxg4 22. hxg4 Ne7 23. Bh4 Qd7 24.
Bd3 Rfc8 25. Re3 Nc6 26. Bf1 Bf8 27. a3 Na5 28. Rf3 Bh6 29. f5 exf5 30. gxf5 Nc4 31. Bf6 Ne3 32. Qd3 Nxf5 33. Bh3 Rc1+ 34. Rxc1 Bxc1 35. Bxf5 gxf5 36. Rh3 1-0

[Event "*** Titled Tuesday 3|2 Blitz"]
[Site "Chess.com"]
[Date "2015.02.24"]
[Round "8"]
[White "Chesseducation4u"]
[Black "raskolnnikov"]
[Result "1-0"]
[WhiteElo "2232"]
[BlackElo "2265"]
[TimeControl "180+2"]
[EndTime "12:41:56 PST"]
[Termination "Chesseducation4u won on time"]

1. Nf3 Nf6 2. g3 d5 3. Bg2 c6 4. c4 g6 5. b3 Bg7 6. Bb2 O-O 7. O-O a5 8. Qc2 Bg4 9. d3 Nbd7 10. Nbd2 Re8 11.
h3 Bxf3 12. Bxf3 e5 13. Bg2 a4 14. b4 a3 15. Bc1 e4 16. Rb1 exd3 17. exd3 Ne5 18. c5 d4 19. f4 Ned7 20. Nc4 Bf8 21. Qf2 b5 22. Ne5 Ra6 23. Nxc6 1-0

[Event "*** Titled Tuesday 3|2 Blitz"]
[Site "Chess.com"]
[Date "2015.02.24"]
[Round "8"]
[White "bsmail"]
[Black "iFrancisco"]
[Result "1-0"]
[WhiteElo "2124"]
[BlackElo "2267"]
[TimeControl "180+2"]
[EndTime "12:42:26 PST"]
[Termination "bsmail won by resignation"]

1. d4 d5 2. c4 e6 3. Nc3 Nf6 4.
Bg5 Be7 5. e3 c6 6. Nf3 Nbd7 7.
Rc1 h6 8. Bf4 O-O 9. Qc2 Nh5 10.
Be5 f5 11. Be2 Nhf6 12. a3 a6 13. b4 a5 14. c5 axb4 15. axb4 Ne4 16. O-O Qe8 17. h3 g5 18. Bh2 Qg6 19. Nxe4 fxe4 20. Ne5 Nxe5 21. Bxe5 Bd7 22. f3 Ra3 23. fxe4 Rxe3 24.
exd5 Rxf1+ 25. Bxf1 Qxc2 26. Rxc2 exd5 27. Ra2 Rb3 28.
b5 cxb5 29. Be2 b4 30. Ra8+ Bf8 31. Bd6 Ra3 32. Rxf8+ Kg7 33. Bh5 Bf5 34. Rxf5 b3 35. Rf7+ Kg8 36. Rxb7 g4 37. hxg4 Kh8 38. Be5+ Kg8 39.
Bf7+ Kf8 40. Bxd5 h5 41. gxh5 1-0

[Event "*** Titled Tuesday 3|2 Blitz"]
[Site "Chess.com"]
[Date "2015.02.24"]
[Round "8"]
[White "FabianEnglert"]
[Black "wonderfultime"]
[Result "0-1"]
[WhiteElo "2249"]
[BlackElo "2550"]
[TimeControl "180+2"]
[EndTime "12:42:29 PST"]
[Termination "wonderfultime won by resignation"]

1. Nf3 c5 2. e4 Nc6 3. Nc3 g6 4.
d4 cxd4 5. Nxd4 Bg7 6. Nb3 d6 7.
Be2 Nf6 8. O-O O-O 9. Bg5 Be6 10. Kh1 Rc8 11. f4 a6 12. f5 Bd7 13. Bd3 Ne5 14.
Qe1 h6 15. Bf4 g5 16. Bxe5 dxe5 17. Rd1 Qb6 18. Qf2 Qc7 19. Be2 Bc6 20. Qe3 Rfd8 21. Rd3 Rxd3 22. cxd3 Rd8 23. Rc1 Kh7 24. Na4 g4 25. Qb6 Qxb6 26. Nxb6 Bb5 27. Nc5 Rd6 28. Nc8 Rd4 29. Nxe7 Bf8 30. Nd5 Nxd5 31. exd5 Bxc5 32.
Rxc5 e4 33. Bxg4 exd3 34. Bd1 Re4 35. Kg1 Re1+ 36. Kf2 Rxd1 37. d6 d2 38. Rd5 Rf1+ 0-1

[Event "*** Titled Tuesday 3|2 Blitz"]
[Site "Chess.com"]
[Date "2015.02.24"]
[Round "8"]
[White "bugsbunny444"]
[Black "DanielNaroditsky"]
[Result "0-1"]
[WhiteElo "2360"]
[BlackElo "2598"]
[TimeControl "180+2"]
[EndTime "12:42:36 PST"]
[Termination "DanielNaroditsky won by resignation"]

1. Nf3 d5 2. c4 d4 3. g3 c5 4. b4 Qc7 5. bxc5 e5 6. Bg2 Bxc5 7.
d3 Nd7 8. O-O Ngf6 9. Na3 a6 10.
Rb1 O-O 11. Nc2 Rb8 12. e3 dxe3 13. Bxe3 b6 14. d4 exd4 15. Bf4 Bd6 16. Bxd6 Qxd6 17.
Qxd4 Qxd4 18. Nfxd4 Bb7 19. Bxb7 Rxb7 20. Nb4 Rc8 21.
Rfc1 Rbc7 22. Nf5 Ne5 23. Nd6 Rd8 24. Nxa6 Ra7 25. Rxb6 Nfd7 26. Nb7 Nxb6 27. Nxd8 Rxa6 28. c5 Nd5 29. c6 Nc7 30. f4 Nd3 31. Rc2 g6 32.
Kf1 Nb4 33. Rb2 Nxc6 34. Nxc6 Rxc6 35. Re2 Ne6 36. Kg2 Nd4 37. Rd2 Rc4 38. a3 Kf8 39.
Kf2 Nb5 40. Ra2 Ra4 41. Ke3 Rxa3+ 42. Rxa3 Nxa3 0-1

[Event "*** Titled Tuesday 3|2 Blitz"]
[Site "Chess.com"]
[Date "2015.02.24"]
[Round "8"]
[White "ChessTrener"]
[Black "rhungaski"]
[Result "1-0"]
[WhiteElo "2482"]
[BlackElo "2425"]
[TimeControl "180+2"]
[EndTime "12:42:50 PST"]
[Termination "ChessTrener won by resignation"]

1. e4 d6 2. d4 Nf6 3. Nc3 e5 4. Nf3 Nbd7 5. g3 Be7 6. Bg2 c6 7.
O-O b5 8. a3 a5 9. Re1 Bb7 10. dxe5 dxe5 11. Nh4 b4 12. Na4 O-O 13.
b3 g6 14. Qf3 Nh5 15. Nf5 c5 16. Bh6 Re8 17. axb4 axb4 18. Rad1 Ra6 19. Bh3 Bc8 20. Be3 c4 21. Nh6+ Kg7 22. Qxf7+ Kh8 23. Qxc4 Rf6 24. Nf7+ Rxf7 25. Qxf7 Rf8 26. Qe6 Rf6 27.
Rxd7 Rxe6 28. Rxd8+ Bxd8 29. Bxe6 Bxe6 30. Bc5 Nf6 31. Bxb4 Bg4 32. Kg2 h5 33. f3 Bc8 34.
Bc3 Bc7 35. Nc5 Kh7 36. Nd3 Nd7 37. Ra1 g5 38. Ra8 Bb8 39. Bxe5 Bxe5 40. Rxc8 Bd6 41. Rd8 1-0

[Event "*** Titled Tuesday 3|2 Blitz"]
[Site "Chess.com"]
[Date "2015.02.24"]
[Round "8"]
[White "GMNeiksans"]
[Black "GulamaliRises"]
[Result "1-0"]
[WhiteElo "2503"]
[BlackElo "2327"]
[TimeControl "180+2"]
[EndTime "12:42:56 PST"]
[Termination "GMNeiksans won by resignation"]

1. d4 Nf6 2. c4 e6 3. Nf3 c5 4.
Nc3 a6 5. e4 cxd4 6. Nxd4 Qc7 7. Qc2 Bc5 8. Nb3 Bd6 9. Be3 Ng4 10. Bd4 Nc6 11. Bxg7 Rg8 12. Bd4 Nxd4 13. Nxd4 Bc5 14.
Rd1 Qe5 15. Qd2 f5 16. f4 Qg7 17. exf5 exf5 18. Nd5 Kd8 19. Qa5+ b6 20. Nxb6 Qe7+ 21. Kd2 Bb4+ 22. Kc2 Ne3+ 23. Kb1 Bxa5 24. Nc6+ Kc7 25.
Nxe7 Bxb6 26. c5 Bxc5 27. Rc1 Re8 28. Rxc5+ Kb6 29. Re5 Ng4 30. Nd5+ Kc5 31. Rxe8 Kxd5 32. Be2 Kd4 33. Rd1+ Kc5 34. Rc1+ 1-0

[Event "*** Titled Tuesday 3|2 Blitz"]
[Site "Chess.com"]
[Date "2015.02.24"]
[Round "8"]
[White "Zvonokchess"]
[Black "tigrangharamian"]
[Result "0-1"]
[WhiteElo "2470"]
[BlackElo "2541"]
[TimeControl "180+2"]
[EndTime "12:42:59 PST"]
[Termination "tigrangharamian won by checkmate"]

1. e4 c5 2. d4 cxd4 3. c3 d3 4.
Bxd3 d6 5. Nf3 Nc6 6. O-O Bg4 7. Qe2 g6 8. Rd1 Bg7 9. h3 Bxf3 10. Qxf3 Nf6 11.
Na3 O-O 12. Bf4 Nd7 13. Qg3 a6 14. h4 Nf6 15. Qf3 h5 16. Nc4 Ng4 17. Be2 b5 18. Ne3 Nce5 19. Qg3 Nxe3 20. Bxe3 Qc7 21. Bd4 Qc6 22. f4 Nd7 23. Bf3 e5 24. Be3 exf4 25.
Bxf4 Ne5 26. Rd5 b4 27. cxb4 Qb6+ 28. Kh1 Qxb4 29. Rad1 Qxb2 30. Rxd6 Nxf3 31. gxf3 Qxa2 32. Rd7 Rac8 33. Bd6 Rfd8 34. Rxd8+ Rxd8 35. e5 Qe6 36. Re1 a5 37. Kg2 a4 38. Qf2 Ra8 39. Ba3 Bxe5 40.
Bb2 f6 41. Bxe5 fxe5 42. Qc5 Re8 43. Rd1 e4 44. Rd6 exf3+ 45. Kh2 Qe2+ 46. Kg3 Qg2+ 47. Kf4 Qg4# 0-1

[Event "*** Titled Tuesday 3|2 Blitz"]
[Site "Chess.com"]
[Date "2015.02.24"]
[Round "8"]
[White "MinhGTrAn"]
[Black "GasconJR"]
[Result "0-1"]
[WhiteElo "2441"]
[BlackElo "2288"]
[TimeControl "180+2"]
[EndTime "12:43:03 PST"]
[Termination "GasconJR won by resignation"]

1. Nf3 Nf6 2. b3 g6 3. Bb2 Bg7 4. e3 O-O 5. d4 Ne4 6. c4 c5 7.
Bd3 d5 8. cxd5 Qxd5 9. Qc2 Ng5 10. Nbd2 Nc6 11. e4 Nxf3+ 12. Nxf3 Qd8 13. Qxc5 Bg4 14. O-O Bxf3 15. gxf3 Bxd4 16. Bxd4 Nxd4 17. Rfd1 e5 18. Kh1 Qf6 19. Bf1 Rac8 20. Qd5 Rc2 21.
Bg2 Rxf2 22. Rf1 Rb2 23. Qxb7 Qg5 24. Rg1 Qf4 25. Raf1 Ne2 26. Qxa7 Ng3+ 0-1

[Event "*** Titled Tuesday 3|2 Blitz"]
[Site "Chess.com"]
[Date "2015.02.24"]
[Round "8"]
[White "guillead1"]
[Black "BjarkeSahl"]
[Result "1-0"]
[WhiteElo "2255"]
[BlackElo "2128"]
[TimeControl "180+2"]
[EndTime "12:43:04 PST"]
[Termination "guillead1 won by resignation"]

1. d4 Nf6 2. c4 c5 3. d5 d6 4. Nc3 g6 5. e4 Bg7 6. f4 O-O 7. Nf3 e6 8. Be2 exd5 9. cxd5 Re8 10. e5 dxe5 11. fxe5 Ng4 12. Bg5 f6 13. exf6 Bxf6 14.
Qd2 Bxg5 15. Qxg5 Qxg5 16. Nxg5 Ne3 17. Kf2 Nc2 18. Rad1 Nd4 19. Bc4 Bg4 20. Rde1 Nd7 21. Ne6 Nb6 22. Bb5 Nxb5 23. Nxb5 Nxd5 24. Nbc7 Nxc7 25.
Nxc7 Rf8+ 26. Kg3 Rac8 27. Re7 Bf5 28. Rhe1 Rf7 29. Nd5 Rd8 30. Re8+ Rxe8 31. Rxe8+ Kg7 32. h4 Bd7 33. Rd8 h6 34. Nf4 g5 35. hxg5 hxg5 36. Nd3 Be6 37. Nxc5 Bxa2 38. Rd2 b6 39. Ne4 Kg6 40. Rd6+ Kf5 41. Nc3 Bb3 42. Ne2 Rf6 43. Nd4+ Ke5 44. Rxf6 Kxd4 1-0

[Event "*** Titled Tuesday 3|2 Blitz"]
[Site "Chess.com"]
[Date "2015.02.24"]
[Round "8"]
[White "megarompa"]
[Black "AkshatChandra"]
[Result "1-0"]
[WhiteElo "2668"]
[BlackElo "2456"]
[TimeControl "180+2"]
[EndTime "12:43:08 PST"]
[Termination "megarompa won by resignation"]

1. d4 Nf6 2. Nf3 d5 3. c4 e6 4. Nc3 c6 5. e3 Nbd7 6. Ne5 Be7 7. f4 c5 8. cxd5 exd5 9. Bd3 cxd4 10. exd4 O-O 11.
O-O Re8 12. Qf3 Nf8 13. Bd2 Bb4 14. Rae1 Qb6 15. Kh1 Bd7 16. g4 Bxc3 17. bxc3 Ne4 18. Bxe4 dxe4 19. Rxe4 Bc6 20. Nxc6 Qxc6 21. Rxe8 Qxf3+ 22. Rxf3 Rxe8 23. Re3 Rxe3 24. Bxe3 Nd7 25. Kg2 Kf8 26.
Kf3 Ke7 27. d5 a6 28. c4 Kd6 29. a4 g6 30. a5 f5 31. Bd4 Ke7 32. h4 h5 33. gxh5 gxh5 34. c5 Nf8 35. c6 bxc6 36. Bc5+ Ke8 37. Bxf8 Kxf8 38. dxc6 Ke7 39. Ke3 Kd6 40.
Kd4 Kxc6 41. Ke5 Kb5 42. Kxf5 Kxa5 43. Kg6 Kb5 44. f5 a5 45. f6 a4 46. f7 a3 47.
f8=Q a2 48. Qh8 1-0

[Event "*** Titled Tuesday 3|2 Blitz"]
[Site "Chess.com"]
[Date "2015.02.24"]
[Round "8"]
[White "Colombiano07"]
[Black "kinetix"]
[Result "1-0"]
[WhiteElo "2016"]
[BlackElo "1530"]
[TimeControl "180+2"]
[EndTime "12:43:15 PST"]
[Termination "Colombiano07 won by checkmate"]

1. e4 Nf6 2. e5 Nd5 3. d4 d6 4.
Nf3 g6 5. Bc4 c6 6. h3 Bg7 7.
O-O O-O 8. Bb3 Na6 9. Bg5 dxe5 10. dxe5 Nc5 11. Qd2 Ne4 12. Qc1 Nxg5 13. Qxg5 a5 14. Rd1 Qc7 15. Bxd5 cxd5 16. Rxd5 Qxc2 17. Rd2 Qc1+ 18. Kh2 Bf5 19. Re2 Qf1 20. Qe3 Rfd8 21. Re1 Qb5 22. Re2 Rd3 23. Qf4 Rad8 24. Nc3 Qb6 25.
Nh4 Be6 26. Nf3 h6 27. Rc1 Qb4 28. Qxb4 axb4 29. Ne4 Bf5 30. Nc5 R3d5 31. Nxb7 Ra8 32. b3 Bc8 33. Nc5 Ra5 34. Ne4 Bb7 35. Rc7 Ba8 36.
Rxe7 Rd1 37. Nf6+ Kf8 38. Re8# 1-0

[Event "*** Titled Tuesday 3|2 Blitz"]
[Site "Chess.com"]
[Date "2015.02.24"]
[Round "8"]
[White "manitodeplomo"]
[Black "Schemato"]
[Result "0-1"]
[WhiteElo "2303"]
[BlackElo "2085"]
[TimeControl "180+2"]
[EndTime "12:43:29 PST"]
[Termination "Schemato won on time"]

1. d4 e6 2. c4 f5 3. g3 Nf6 4.
Bg2 c6 5. Nh3 d5 6. O-O Bd6 7.
b3 Qe7 8. Bf4 O-O 9. Bxd6 Qxd6 10.
Nc3 Nbd7 11. e3 Ne4 12. Qc2 b6 13. Rac1 Bb7 14. Rfd1 Rac8 15. Qb2 Qe7 16. Ne2 dxc4 17. bxc4 c5 18. Nhf4 e5 19. Nd5 Bxd5 20. cxd5 exd4 21.
exd4 c4 22. Nf4 Qd6 23. Qb5 c3 24. Ne6 Rfe8 25. Qb3 Ndf6 26. Nf4 g5 27. Nd3 Qxd5 28. Ne5 Qxb3 29. axb3 Nd5 30. Nc4 Red8 31. Ne3 Nxe3 32. fxe3 c2 33. Rf1 Rc3 34. Rxf5 Nd2 35. Rxg5+ Kh8 36.
Rd5 Rdc8 0-1

[Event "*** Titled Tuesday 3|2 Blitz"]
[Site "Chess.com"]
[Date "2015.02.24"]
[Round "8"]
[White "FlySooHigh"]
[Black "GedoGluperd"]
[Result "0-1"]
[WhiteElo "2322"]
[BlackElo "2243"]
[TimeControl "180+2"]
[EndTime "12:43:30 PST"]
[Termination "GedoGluperd won by resignation"]

1. e4 g6 2. d4 Bg7 3. Nc3 d6 4.
Nge2 a6 5. h3 b5 6. a3 Bb7 7. g4 Nd7 8. Bg2 c5 9. Be3 cxd4 10. Bxd4 Ngf6 11. g5 Nh5 12. Bxg7 Nxg7 13. O-O O-O 14. h4 Qb6 15. Kh1 Ne5 16. Ng3 Ne6 17. Rb1 Nf4 18. Qd2 Nxg2 19. Kxg2 Rac8 20. Nd5 Bxd5 21. exd5 f6 22. gxf6 Rxf6 23. h5 Rcf8 24. Rbe1 Kh8 25. c3 gxh5 26. Nxh5 Rg6+ 27. Ng3 Nf3 28. Qe3 Nxe1+ 29. Qxe1 Qc5 30. Qd2 Qc4 31. Re1 Rf7 32. Re3 Qf4 33. Qe2 Rgf6 34. Ne4 Rg7+ 35. Ng3 Qg5 36. Qd3 Rgf7 37. Re2 Qg4 38. Qd2 Qf3+ 39.
Kg1 Rg7 40. Re3 Rxg3+ 41. fxg3 Qf1+ 0-1

[Event "*** Titled Tuesday 3|2 Blitz"]
[Site "Chess.com"]
[Date "2015.02.24"]
[Round "8"]
[White "ilmago"]
[Black "Hafez_Bakr"]
[Result "1-0"]
[WhiteElo "1899"]
[BlackElo "1808"]
[TimeControl "180+2"]
[EndTime "12:43:37 PST"]
[Termination "ilmago won by resignation"]

1. e4 c5 2. Nf3 d6 3. d4 cxd4 4.
Qxd4 Nf6 5. e5 Nc6 6. Bb5 Qa5+ 7. Nc3 Qxb5 8. Nxb5 Nxd4 9. Nfxd4 dxe5 10. Nf3 Rb8 11.
Nxe5 e6 12. Nxa7 Bd6 13. Nc4 Ke7 14. Nxd6 Kxd6 15. Bf4+ e5 16. O-O-O+ Ke6 17. Rhe1 Nd7 18. Bg3 f6 19. Re3 Nb6 20. Rb3 Nd5 21. c4 Ne7 22. Rb6+ Kf5 23. Nb5 Kg6 24. Bxe5 Ra8 25. a3 Bf5 26.
Bc3 Nc6 27. Nd6 Bg4 28. f3 Bc8 29. Nxc8 Rhxc8 30. Rxb7 Ne5 31. Bxe5 fxe5 32. Rb4 Rc5 33. Re1 Rac8 34. Re4 Kf5 35. Kc2 h5 36. Kc3 g5 37.
Rb7 g4 38. b4 R5c6 39. Re7 gxf3 40.
R7xe5+ Kg6 41. gxf3 Rf6 42. Re6 Rf8 43. Rxf6+ Rxf6 44. f4 Kf5 45. Rd4 Kg4 46. c5 h4 47. b5 h3 48. c6 Kf3 49. c7 Rf8 50. Rd8 Rxf4 51. c8=Q 1-0

[Event "*** Titled Tuesday 3|2 Blitz"]
[Site "Chess.com"]
[Date "2015.02.24"]
[Round "8"]
[White "gmjlh"]
[Black "9ShMat2"]
[Result "0-1"]
[WhiteElo "2487"]
[BlackElo "2465"]
[TimeControl "180+2"]
[EndTime "12:43:41 PST"]
[Termination "9ShMat2 won by resignation"]

1. e4 c5 2. Nf3 e6 3. d4 cxd4 4.
Nxd4 Bc5 5. Nb3 Bb6 6. Bd3 Ne7 7. c4 d6 8. O-O O-O 9. Nc3 Nbc6 10. Qe2 f5 11.
exf5 Nxf5 12. Bxf5 Rxf5 13. Be3 Bc7 14. Rad1 a6 15. Ne4 Qe7 16. Ng3 Rf7 17. Rfe1 b6 18. Nd4 Nxd4 19. Bxd4 e5 20. Be3 Bb7 21. Rd2 Raf8 22.
Red1 Qe6 23. b3 Qg6 24. Qh5 Qxh5 25. Nxh5 b5 26. cxb5 axb5 27. Ng3 d5 28. Bc5 Rc8 29.
b4 d4 30. Ne2 g5 31. Nc1 g4 32. Re1 Rd7 33. Nb3 Bd5 34. Rd3 Ra8 35. Rg3 h5 36. Na5 Kh7 37. h3 e4 38. Ra3 d3 39. hxg4 hxg4 40. f3 gxf3 41. gxf3 Rg8+ 42. Kf1 Rf7 43. Re3 Bf4 44. Re1 Rg3 45. Nb3 Rxf3+ 0-1

[Event "*** Titled Tuesday 3|2 Blitz"]
[Site "Chess.com"]
[Date "2015.02.24"]
[Round "8"]
[White "jcibarra"]
[Black "exoticprincess"]
[Result "1-0"]
[WhiteElo "2536"]
[BlackElo "2796"]
[TimeControl "180+2"]
[EndTime "12:43:47 PST"]
[Termination "jcibarra won by resignation"]

1. e4 e6 2. d4 d5 3. Nd2 Bd7 4.
Ngf3 dxe4 5. Nxe4 Bc6 6. Neg5 Nd7 7. Nxf7 Kxf7 8. Ng5+ Ke8 9. Bc4 Qe7 10. O-O e5 11.
Nf7 Qb4 12. Qe2 Nb6 13. Bb3 Qxd4 14. Nxh8 Nf6 15. Nf7 e4 16. Rd1 Qb4 17. Ne5 Bd6 18. Nxc6 bxc6 19. Bg5 Nbd7 20. Be6 Qxb2 21. Bxd7+ Kxd7 22.
Bxf6 Qxf6 23. Qxe4 Rf8 24. Qe2 Qf5 25. Rd3 Re8 26.
Re3 Rxe3 27. Qxe3 Qxc2 28. Re1 Qg6 29. Qe4 Qxe4 30. Rxe4 c5 31. Kf1 Kc6 32. Ke2 Kb5 33. Kd3 h6 34. g3 a6 35. a4+ Kc6 36. Kc4 Kd7 37. Rg4 Bf8 38. Rg6 c6 39. Kd3 Kc7 40. Kc4 Kb6 41. Re6 g5 42. f4 gxf4 43. gxf4 Kc7 44.
f5 Kd7 45. h3 Bg7 46. Kxc5 Bf8+ 47. Kc4 h5 48. Re4 Kd6 49. Rh4 Ke5 50. Rxh5 Kf6 51.
Rh7 Ba3 52. Rc7 Kxf5 53. Rxc6 a5 54. Rc5+ 1-0

[Event "*** Titled Tuesday 3|2 Blitz"]
[Site "Chess.com"]
[Date "2015.02.24"]
[Round "8"]
[White "stepanosinovsky"]
[Black "xtremeungar"]
[Result "1-0"]
[WhiteElo "2259"]
[BlackElo "2247"]
[TimeControl "180+2"]
[EndTime "12:43:56 PST"]
[Termination "stepanosinovsky won by resignation"]

1. Nf3 Nf6 2. g3 g6 3. Bg2 Bg7 4. O-O O-O 5. d3 c5 6. e4 Nc6 7. Nbd2 d5 8. Re1 e6 9. c3 b6 10. e5 Nd7 11. d4 a5 12. a3 Ba6 13. h4 h6 14. Nf1 cxd4 15. cxd4 Bxf1 16. Bxf1 Ne7 17.
Bb5 Nf5 18. Qa4 Ra7 19. Bf4 Rc7 20. Rac1 Nb8 21. Rxc7 Qxc7 22. Rc1 Qb7 23. Qc2 Ne7 24. Qc7 Qxc7 25. Rxc7 Nf5 26. g4 Nxh4 27. Nxh4 g5 28. Bg3 gxh4 29. Bxh4 f6 30. Bg3 fxe5 31. dxe5 Rf7 32.
Rc8+ Rf8 33. Rc7 Rf7 34. Rxf7 Kxf7 35. f4 Bf8 36. Kf2 Bc5+ 37. Kf3 Ke7 38. f5 exf5 39. gxf5 Nd7 40. Bh4+ Ke8 41. e6 1-0

[Event "*** Titled Tuesday 3|2 Blitz"]
[Site "Chess.com"]
[Date "2015.02.24"]
[Round "8"]
[White "BeerLag"]
[Black "VerdeNotte"]
[Result "1-0"]
[WhiteElo "2407"]
[BlackElo "2458"]
[TimeControl "180+2"]
[EndTime "12:43:59 PST"]
[Termination "BeerLag won by resignation"]

1. e4 c6 2. d4 d5 3. f3 Nf6 4.
Nc3 g6 5. e5 Nfd7 6. e6 fxe6 7.
f4 c5 8. Nf3 Nc6 9. Be3 Qb6 10.
Qd2 Bg7 11. Na4 Qb4 12. Qxb4 Nxb4 13. O-O-O c4 14. a3 Nc6 15. g3 b5 16. Nc3 Rb8 17.
Bh3 Nf8 18. Ne5 Nxe5 19. fxe5 h5 20. Kd2 Bh6 21. Bxh6 Rxh6 22. Rhf1 g5 23. Ne2 Ng6 24. c3 Rh7 25. Bg2 Kd7 26. Ng1 Bb7 27. Ke3 Rg8 28. Ra1 a5 29. Nf3 g4 30. Nd2 h4 31.
Rg1 hxg3 32. hxg3 Rh2 33. Nf1 Rh5 34. Nd2 Rf8 35. a4 b4 36. Nxc4 dxc4 37. Bxb7 Rh2 38.
Rg2 Rh3 39. Kd2 bxc3+ 40. bxc3 Rb8 41. Be4 Rb2+ 42. Bc2 Nf8 43. Rb1 Rxb1 44. Bxb1 Nh7 45. Ba2 Ng5 46. Ke3 Rh1 47. Kf4 Nf3 48. Kxg4 Nh2+ 49.
Kf4 Rf1+ 50. Kg5 Nf3+ 51. Kg4 Ne1 52. Rh2 Nf3 53. Rb2 Ng1 54. Bxc4 Rc1 55. Rb7+ Kd8 56. Bxe6 Rxc3 57. Rb8+ Kc7 58. Rc8+ Kb7 59. Rxc3 Ne2 60. Bd5+ Ka7 61. Rc4 Ng1 62. Bf3 Kb6 63. d5 1-0

[Event "*** Titled Tuesday 3|2 Blitz"]
[Site "Chess.com"]
[Date "2015.02.24"]
[Round "8"]
[White "AnthonyWirig"]
[Black "Inopov"]
[Result "0-1"]
[WhiteElo "2506"]
[BlackElo "2467"]
[TimeControl "180+2"]
[EndTime "12:44:06 PST"]
[Termination "Inopov won by resignation"]

1. d4 d5 2. Bg5 f6 3. Bh4 Nh6 4.
e3 Nf5 5. Bg3 h5 6. Be2 h4 7.
Bh5+ Kd7 8. Bf4 g5 9. e4 dxe4 10.
Bg4 e6 11. Bc1 Ke7 12. Ne2 Nh6 13. Nec3 Nxg4 14. Qxg4 Qxd4 15. Nxe4 Nc6 16. O-O h3 17. Rd1 Rh4 18. Rxd4 Rxg4 19. Rc4 Ne5 20. Rxc7+ Kd8 21. Rxc8+ Rxc8 22. Ng3 Rxc2 23. Be3 f5 24. gxh3 Rh4 25. Bxg5+ Be7 26. Bxh4 Nf3+ 27. Kf1 Rc1+ 28. Ke2 Nxh4 29.
Nf1 f4 30. Nfd2 Bf6 31. a4 Nf5 32. Kf3 e5 33. Ke4 Nd6+ 34. Kd5 Kd7 35. Ra3 b6 36. Rc3 Rd1 37. Rc6 Be7 38. Rc2 e4 39. Nc3 e3 40.
fxe3 fxe3 41. Nxd1 e2 42. Nc3 e1=Q 43. Nde4 Nxe4 44. Nxe4 Qh1 45. Ke5 Qe1 46. Rd2+ Kc6 47.
Rd4 Bc5 48. Rd2 Bg1 49. b4 a6 50. b5+ axb5 51. axb5+ Kxb5 52. Re2 Qxe2 0-1

[Event "*** Titled Tuesday 3|2 Blitz"]
[Site "Chess.com"]
[Date "2015.02.24"]
[Round "8"]
[White "destroyer305"]
[Black "petrpalachev"]
[Result "0-1"]
[WhiteElo "2120"]
[BlackElo "2381"]
[TimeControl "180+2"]
[EndTime "12:44:54 PST"]
[Termination "petrpalachev won on time"]

1. e4 e6 2. Qe2 d5 3. exd5 Qxd5 4.
Nc3 Qd8 5. g3 Nf6 6. Bg2 Be7 7.
Nf3 O-O 8. O-O c5 9. d3 Nc6 10.
Bf4 Nd5 11. Bd2 b6 12. Ne4 Bb7 13. Rfe1 h6 14. Rad1 Rc8 15. Bc1 Qd7 16. c3 Rfd8 17. Ned2 Nf6 18. Nc4 Qe8 19. Nfe5 Nxe5 20. Nxe5 Bxg2 21.
Kxg2 Nd7 22. Qf3 Nxe5 23. Rxe5 Qc6 24. Re4 f5 25. Re2 Qxf3+ 26. Kxf3 Kf7 27. h4 g5 28. hxg5 hxg5 29. Kg2 Bf6 30. Be3 Rd7 31. f4 g4 32.
Red2 Rcd8 33. Kf2 Ke7 34. d4 cxd4 35. Bxd4 Bxd4+ 36. cxd4 Rh8 37. Kg2 Kf6 38. d5 Rdh7 39.
d6 Rh2+ 40. Kf1 Rh1+ 41. Ke2 Rxd1 42. Kxd1 Rd8 43. Ke2 e5 44. Ke3 e4 45. b4 Ke6 46.
Rc2 Rxd6 47. Rc7 Rd3+ 48. Kf2 Rf3+ 49. Kg2 Ra3 50. Rc2 Kd5 51. Kf2 e3+ 52. Ke2 Kd4 53.
Rb2 b5 54. Rc2 a6 55. Rb2 Kc3 56. Rb1 Rxa2+ 57. Kxe3 Rg2 58. Rc1+ Kxb4 59. Kd4 Rxg3 60. Ke5 Rf3 61. Kxf5 g3 62. Ke4 Rc3 63. Rg1 a5 64. f5 Kc5 65. f6 Kd6 66. Kf5 a4 67. Rd1+ Kc5 68. Rf1 g2 69. Rg1 Rf3+ 70. Ke6 Rf2 71. f7 a3 72. Rxg2 Rf1 73. Rg5+ Kc4 0-1

[Event "*** Titled Tuesday 3|2 Blitz"]
[Site "Chess.com"]
[Date "2015.02.24"]
[Round "8"]
[White "lukas_111111"]
[Black "Zlatan56"]
[Result "0-1"]
[WhiteElo "2160"]
[BlackElo "2492"]
[TimeControl "180+2"]
[EndTime "12:44:56 PST"]
[Termination "Zlatan56 won by resignation"]

1. e4 d5 2. exd5 Qxd5 3. Nc3 Qa5 4.
d4 Nf6 5. Nf3 Bf5 6. Bd2 e6 7.
Bc4 Bb4 8. a3 Bxc3 9. Bxc3 Qb6 10. O-O Nc6 11. Ne5 O-O 12. Nxc6 Qxc6 13. Qe2 Be4 14.
f3 Bg6 15. Bb5 Qd5 16. Bc4 Qd7 17. Rad1 Nd5 18. Be1 c6 19. Bg3 b5 20. Bb3 a5 21. a4 Qb7 22. Bd6 Rfd8 23. Be5 bxa4 24. Bxa4 Qxb2 25. Rb1 Qc3 26. Rfe1 Rac8 27. Kh1 Qa3 28.
Ra1 Qe7 29. Bb3 Qb4 30. Ra4 Qb6 31. Raa1 Ra8 32. Qd2 Qb4 33. Qxb4 axb4 34. Bxd5 cxd5 35. Rab1 Ra2 36. Rxb4 Rxc2 37. h3 h5 38. Rbb1 Bf5 39. Rbc1 Rdc8 40. Rxc2 Rxc2 41. Ra1 f6 42. Bf4 h4 43. Rd1 g5 44. Bd6 Kf7 45. Bb4 Kg6 46. Rd2 Rc4 47. Bd6 Bc2 48. Kh2 Kf5 49. Bb8 Ba4 50. Bd6 Bc6 51. Bb8 Rb4 52. Bd6 Rb1 53.
Bc7 Bb5 54. Bd6 Bc4 55. Bc7 e5 56. Bd6 e4 57. fxe4+ dxe4 58. Rf2+ Ke6 59. Bc7 e3 60. Rf3 e2 0-1

[Event "*** Titled Tuesday 3|2 Blitz"]
[Site "Chess.com"]
[Date "2015.02.24"]
[Round "8"]
[White "kesarev"]
[Black "alturas_pacificas"]
[Result "1-0"]
[WhiteElo "2263"]
[BlackElo "2068"]
[TimeControl "180+2"]
[EndTime "12:44:58 PST"]
[Termination "kesarev won by checkmate"]

1. Nf3 d5 2. c4 c6 3. g3 dxc4 4. Bg2 Nf6 5. O-O Nbd7 6. a4 g6 7.
Na3 Nb6 8. a5 Nbd5 9. Nxc4 Bg7 10. d3 O-O 11. Qb3 Nd7 12. Rd1 Nc5 13. Qa3 Na6 14. Bd2 Bg4 15. h3 Bxf3 16. Bxf3 Nac7 17.
Qb3 Nb5 18. e3 Qd7 19. Bc3 Ndxc3 20. bxc3 Bxc3 21. Ra2 Bg7 22. Rc1 Rfd8 23. d4 Qxh3 24. a6 bxa6 25. Rxa6 Rab8 26. Qc2 h5 27. Qe2 Qf5 28.
Rxc6 Bxd4 29. Na5 Bf6 30. R6c5 Qd7 31. Bc6 Qc7 32. Rxb5 Rxb5 33. Qxb5 Rb8 34. Nb7 h4 35. gxh4 Bxh4 36. Rc4 Bf6 37. Kg2 Qe5 38. Qxe5 Bxe5 39.
Ra4 Rc8 40. Bf3 Bb8 41. Ra6 Kf8 42. Na5 f6 43. Nc6 g5 44. Nxb8 Rxb8 45. Rxa7 Rb6 46. Bd5 e6 47. Bc4 Rc6 48. Bb5 Rd6 49. Kf3 Kg8 50.
Kg4 Kf8 51. Kh5 Rb6 52. Ba4 Rb2 53. f3 Re2 54. e4 Rf2 55. Kg6 Rxf3 56. Rf7+ Kg8 57.
Rxf6 Re3 58. Rxe6 g4 59. Re8# 1-0